 Dungeon Crawl Stone Soup version 0.26-a0-34-g9e0bf03589 (webtiles) character file.

Game seed: 688684320139993368, levelgen mode: deterministic

1169 DungeonDestroyer the Shield-Bearer (level 8, -2/67 HPs)
             Began as a Gnoll Fighter on May 29, 2020.
             Slain by a slave (5 damage)
             ... led by Pikel
             ... on level 4 of the Dungeon.
             The game lasted 00:09:36 (4632 turns).

DungeonDestroyer the Shield-Bearer (Gnoll Fighter)  Turns: 4632, Time: 00:09:37

Health: -2/67      AC: 10    Str: 19    XL:     8   Next: 40%
Magic:  12/12      EV: 10    Int: 11    God:
Gold:   271        SH: 17    Dex: 16    Spells: 13/13 levels left

rFire    + . .     SeeInvis .   B - +3 mace (holy)
rCold    + . .     Gourm    .   c - +1 kite shield
rNeg     + . .     Faith    .   b - +0 scale mail
rPois    .         Spirit   .   v - +0 helmet
rElec    .         Reflect  +   x - scarf {rC+ rF+}
rCorr    .         Harm     .   g - +0 pair of gloves
MR       .....                  (no boots)
Stlth    +.........             D - amulet of reflection
HPRegen  0.21/turn              (no ring)
MPRegen  0.13/turn              r - ring of positive energy

@: no status effects
A: distributed training, fangs 1, strong nose
a: no special abilities


You were on level 4 of the Dungeon.
You were not hungry.

You visited 1 branch of the dungeon, and saw 5 of its levels.
You also visited: Sewer.

You collected 271 gold pieces.

Inventory:

Hand Weapons
 a - a +0 war axe
 B - a +3 mace of holy wrath (weapon)
Missiles
 e - 41 arrows
 j - 140 stones (quivered)
 k - 11 boomerangs
 o - 16 sling bullets
 E - 6 poisoned darts
Armour
 b - a +0 scale mail (worn)
 c - a +1 kite shield (worn)
 g - a +0 pair of gloves (worn)
 v - a +0 helmet (worn)
 x - a scarf of resistance (worn)
Jewellery
 r - a ring of positive energy (right hand)
 D - an amulet of reflection (around neck)
Scrolls
 h - a scroll of magic mapping
 n - 2 scrolls of identify
 q - 2 scrolls of teleportation
Potions
 d - 3 potions of might
 i - 4 potions of flight
 l - a potion of brilliance
 p - a potion of berserk rage
Comestibles
 f - 7 rations


   Skills:
 + Level 7.3 Fighting
 + Level 3.2 Short Blades
 + Level 3.2 Long Blades
 + Level 5.6 Axes
 + Level 3.2 Maces & Flails
 + Level 3.2 Polearms
 + Level 3.2 Staves
 + Level 3.2 Slings
 + Level 3.2 Bows
 + Level 3.2 Crossbows
 + Level 3.2 Throwing
 + Level 7.3 Armour
 + Level 3.2 Dodging
 + Level 3.2 Stealth
 + Level 7.3 Shields
 + Level 3.2 Unarmed Combat
 + Level 3.2 Spellcasting
 + Level 2.6 Conjurations
 + Level 2.6 Hexes
 + Level 2.6 Charms
 + Level 2.6 Summonings
 + Level 2.6 Necromancy
 + Level 2.6 Translocations
 + Level 2.6 Transmutations
 + Level 2.6 Fire Magic
 + Level 2.6 Ice Magic
 + Level 2.6 Air Magic
 + Level 2.6 Earth Magic
 + Level 2.6 Poison Magic
 + Level 3.5 Invocations
 + Level 3.2 Evocations


You had 13 spell levels left.
You didn't know any spells.
Your spell library was empty.

Dungeon Overview and Level Annotations

Branches:
Dungeon (5/15)              Sewer (visited)
 Temple: D:4-7

Altars:
Gozag
Qazlal


Innate Abilities, Weirdness & Mutations

Your experience applies equally to all skills.
You have very sharp teeth.
Your uncanny sense of smell can sniff out nearby items.


Message History

You barely miss the slave. Your bite misses the slave.
The slave is moderately wounded.
You block the slave's attack. The slave barely misses you.
You closely miss the slave.
The slave is moderately wounded.
You block the slave's attack. x3
You barely miss the slave.
The slave is moderately wounded.
You block the slave's attack. The slave hits you but does no damage.
The slave completely misses you.
Your scale mail prevents you from hitting the slave.
The slave is moderately wounded.
You block the slave's attack. The slave hits you but does no damage.
You hit the slave.
The slave is heavily wounded.
You block the slave's attack. x2; The slave barely misses you.
You hit the slave.
The slave is severely wounded.
You block the slave's attack. The slave hits you.
You die...

#####......##....# #...
#......##....# #.##
#......##....# #.# ###.....#....#
#.# #.....##...# #.# #..........#
#.# #.....##.?.# #.# #########p.#
#.# #.@# #.# #p## #.## #.#
######... #.# #........
###############.# #.######.
................# #.#......
#########################.#.###..
............#.............#......
###########.#.##################.


You could see 2 slaves.

Vanquished Creatures
  2 ice beasts (D:5)
  A phantom (D:4)
  A big kobold (Sewer)
  2 scorpions (D:4)
  A crimson imp (D:5)
  2 hounds
  2 orc priests (D:4)
  Natasha (twice) (D:2)
  3 iguanas (D:4)
  3 orc wizards
  2 worker ants
  2 hound skeletons
  Robin (D:2)
  A worker ant zombie (D:5)
  2 river rats (Sewer)
  10 adders
  An ooze (D:1)
  2 adder zombies (D:5)
  2 worms
  3 dart slugs
  2 leopard geckos
  16 orcs
  10 giant cockroaches
  14 goblins
  11 hobgoblins
  16 jackals
  11 kobolds
  2 ball pythons
  4 bats (D:1)
  8 frilled lizards
  9 rats
148 creatures vanquished.

Notes
Turn   | Place    | Note
-------+----------+-------------------------------------------
     0 | D:1      | DungeonDestroyer the Gnoll Fighter began the quest for the
                  | Orb.
     0 | D:1      | Reached XP level 1. HP: 23/23 MP: 1/1
    51 | D:1      | Reached XP level 2. HP: 29/29 MP: 2/2
   182 | D:1      | Reached XP level 3. HP: 35/35 MP: 3/3
   355 | D:1      | Reached skill level 1 in Invocations
   598 | D:2      | Noticed Natasha
   605 | D:2      | Killed Natasha
   605 | D:2      | Reached skill level 1 in Short Blades
   605 | D:2      | Reached skill level 1 in Long Blades
   605 | D:2      | Reached skill level 1 in Maces & Flails
   605 | D:2      | Reached skill level 1 in Polearms
   605 | D:2      | Reached skill level 1 in Staves
   605 | D:2      | Reached skill level 1 in Slings
   605 | D:2      | Reached skill level 1 in Bows
   605 | D:2      | Reached skill level 1 in Crossbows
   605 | D:2      | Reached skill level 1 in Throwing
   605 | D:2      | Reached skill level 1 in Dodging
   605 | D:2      | Reached skill level 1 in Stealth
   605 | D:2      | Reached skill level 1 in Unarmed Combat
   605 | D:2      | Reached skill level 1 in Spellcasting
   605 | D:2      | Reached skill level 1 in Evocations
   605 | D:2      | Reached XP level 4. HP: 37/41 MP: 5/5
   773 | D:2      | Noticed Robin
   780 | D:2      | Reached skill level 1 in Conjurations
   780 | D:2      | Reached skill level 1 in Hexes
   780 | D:2      | Reached skill level 1 in Charms
   780 | D:2      | Reached skill level 1 in Summonings
   780 | D:2      | Reached skill level 1 in Necromancy
   780 | D:2      | Reached skill level 1 in Translocations
   780 | D:2      | Reached skill level 1 in Transmutations
   780 | D:2      | Reached skill level 1 in Fire Magic
   780 | D:2      | Reached skill level 1 in Ice Magic
   780 | D:2      | Reached skill level 1 in Air Magic
   780 | D:2      | Reached skill level 1 in Earth Magic
   780 | D:2      | Reached skill level 1 in Poison Magic
   801 | D:2      | Killed Robin
   801 | D:2      | Reached XP level 5. HP: 35/47 MP: 6/6
   933 | D:2      | Found a stormy altar of Qazlal.
  1021 | D:2      | Noticed Natasha
  1027 | D:2      | Killed Natasha
  1739 | D:3      | Found a glowing drain.
  1779 | Sewer    | Entered a sewer
  2051 | Sewer    | Noticed a big kobold
  2067 | Sewer    | Killed a big kobold
  2067 | Sewer    | Reached XP level 6. HP: 46/53 MP: 8/8
  2099 | Sewer    | Found a glowing silver altar of Zin.
  2461 | D:3      | Found a stormy altar of Qazlal.
  2483 | D:3      | Reached skill level 5 in Axes
  2909 | D:4      | Reached XP level 7. HP: 52/59 MP: 10/10
  3847 | D:5      | Entered Level 5 of the Dungeon
  3919 | D:5      | Reached XP level 8. HP: 56/67 MP: 12/12
  4386 | D:5      | Found an opulent altar of Gozag.
  4610 | D:5      | HP: 1/67 [slave[Pikel] (4)]
  4624 | D:4      | HP: 2/67 [slave[Pikel] (3)]
  4632 | D:4      | Slain by a slave

Illustrated notes

Levels and vault maps discovered:
D:1:      lightli_arrival_maybe_door_vault, layout_rooms, hangedman_decor_points
D:2:      layout_loops_ring, old_standard_altar, uniq_natasha, uniq_robin
D:3:      layout_rooms, gup_sewer_entry_glass, first_ration, grunt_qazlal_clouds
D:4:      layout_basic
D:5:      layout_cave_pools, nicolae_gozag_cash_rules_everything_around_me,
          lemuel_flamethrower_2, uniq_pikel

Skill      XL: |  1  2  3  4  5  6  7  8 |
---------------+-------------------------+-----
Invocations    | 1 2 3 |  3.5
Short Blades   | 1 2 3 |  3.2
Long Blades    | 1 2 3 |  3.2
Maces & Flails | 1 2 3 |  3.2
Polearms       | 1 2 3 |  3.2
Staves         | 1 2 3 |  3.2
Slings         | 1 2 3 |  3.2
Bows           | 1 2 3 |  3.2
Crossbows      | 1 2 3 |  3.2
Throwing       | 1 2 3 |  3.2
Dodging        | 1 2 3 |  3.2
Stealth        | 1 2 3 |  3.2
Unarmed Combat | 1 2 3 |  3.2
Spellcasting   | 1 2 3 |  3.2
Evocations     | 1 2 3 |  3.2
Conjurations   | 1 2 |  2.6
Hexes          | 1 2 |  2.6
Charms         | 1 2 |  2.6
Summonings     | 1 2 |  2.6
Necromancy     | 1 2 |  2.6
Translocations | 1 2 |  2.6
Transmutations | 1 2 |  2.6
Fire Magic     | 1 2 |  2.6
Ice Magic      | 1 2 |  2.6
Air Magic      | 1 2 |  2.6
Earth Magic    | 1 2 |  2.6
Poison Magic   | 1 2 |  2.6
Axes           | 5 |  5.6
Fighting       | 7 |  7.3
Armour         | 7 |  7.3
Shields        | 7 |  7.3

Action                   |  1- 3 |  4- 6 |  7- 9 || total
-------------------------+-------+-------+-------++-------
Melee: War axe           |    66 |   202 |    81 ||   349
       Bite              |     1 |    27 |    16 ||    44
       Mace              |       |       |    99 ||    99
  Use: Scroll            |       |     9 |     1 ||    10
       Potion            |       |     6 |     2 ||     8
  Eat: Chunk             |       |     6 |     5 ||    11
       Ration            |       |       |     1 ||     1
Armor: Scale mail        |    27 |    62 |    71 ||   160
Dodge: Dodged            |    19 |    57 |    79 ||   155
Block: Kite shield       |    47 |   124 |   212 ||   383
       Reflection        |       |     2 |     1 ||     3

Table legend:
 A = Non-vault XP
 B = Vault XP
 C = Vault XP percentage of total XP
 D = Non-vault monster count
 E = Vault monster count
 F = Vault count percentage of total count
                 A         B        C        D         E       F
            +---------+---------+-------+---------+---------+-------
      Total |    1448 |     223 |  13.3 |     121 |      27 |  18.2
            +---------+---------+-------+---------+---------+-------
        D:1 |      57 |       0 |   0.0 |      28 |       0 |   0.0
        D:2 |      94 |      72 |  43.4 |      21 |      12 |  36.4
        D:3 |     129 |       8 |   5.8 |      26 |       4 |  13.3
        D:4 |     642 |       0 |   0.0 |      28 |       0 |   0.0
        D:5 |     526 |       0 |   0.0 |      18 |       0 |   0.0
      Sewer |       0 |     143 | 100.0 |       0 |      11 | 100.0
            +---------+---------+-------+---------+---------+-------
